 Dungeon Crawl Stone Soup version 0.19.5 (webtiles) character file.

62 tognito the Chopper (level 3, -7/46 HPs)
             Began as a Minotaur Berserker on May 26, 2017.
             Was a Believer of Trog.
             Mangled by a gnoll
             ... wielding a +0 flail
              (8 damage)
             ... on level 2 of the Dungeon.
             The game lasted 00:01:53 (937 turns).

tognito the Chopper (Minotaur Berserker)             Turns: 937, Time: 00:01:54

Health: -7/46      AC:  2    Str: 27    XL:     3   Next: 85%
Magic:  2/2        EV: 12    Int:  4    God:    Trog [**....]
Gold:   89         SH:  0    Dex:  7    Spells: 0 memorised, 2 levels left

rFire  . . .     SeeInvis .     a - +0 hand axe
rCold  . . .     Gourm    .     b - +0 animal skin
rNeg   . . .     Faith    .     (no shield)
rPois  .         Spirit   .     (helmet restricted)
rElec  .         Reflect  .     (no cloak)
rCorr  .         Harm     .     (no gloves)
MR     +....                    (no boots)
Stlth  ..........               (no amulet)
                                (no ring)
                                h - ring of protection from magic

@: berserking, very slightly contaminated, very quick
A: retaliatory headbutt, horns 2, clumsy 1, evolution 1
a: Berserk, Trog's Hand, Burn Spellbooks, Renounce Religion


You were on level 2 of the Dungeon.
You worshipped Trog.
Trog was pleased with you.
You were very hungry.

You visited 1 branch of the dungeon, and saw 2 of its levels.

You collected 89 gold pieces.

Inventory:

Hand Weapons
 a - a +0 hand axe (weapon)
Missiles
 d - 20 bolts
 i - 19 arrows
Armour
 b - a +0 animal skin (worn)
Jewellery
 h - a ring of protection from magic (left hand)
Scrolls
 e - a scroll of noise {unknown}
 g - a scroll of magic mapping {unknown}
 k - a scroll of blinking {unknown}
Potions
 f - a potion of brilliance
 j - a potion of curing
Comestibles
 c - a bread ration
 l - a beef jerky
 m - a royal jelly


   Skills:
 - Level 3.6 Fighting
 + Level 5.8 Axes
 - Level 2.4 Armour
 - Level 2.1 Dodging


You had 2 spell levels left.
You didn't know any spells.

Dungeon Overview and Level Annotations

Branches:
Dungeon (2/15)

Altars:
Trog


Innate Abilities, Weirdness & Mutations

You reflexively headbutt those who attack you in melee.
You have a pair of horns on your head.
You are clumsy. (Dex -2)
You evolve.


Message History

The gnoll barely misses you.
You hit the gnoll. Your headbutt misses the gnoll.
The gnoll is moderately wounded.
The gnoll hits you with a flail.
You closely miss the gnoll.
The gnoll is moderately wounded.
The gnoll hits you with a flail!
* * * LOW HITPOINT WARNING * * *
You barely miss the gnoll.
The gnoll is moderately wounded.
The gnoll hits you with a flail!
* * * LOW HITPOINT WARNING * * *
You completely miss the gnoll.
The gnoll is moderately wounded.
The gnoll barely misses you.
A red film seems to cover your vision as you go berserk!
You feel yourself moving faster!
You feel mighty!
You are feeling very hungry.
The gnoll hits you with a flail!
You die...

###. #.# .... ...
..... #.# # # #...
#.# .##.# #....#.#
....
###...#.#####...
......g)..).#.###.#
#@.†.........
#..##.#......
#..##)# .##.#
#..##.#..# #
#..##.#..##.##
#..##.#.......
#.#..##.#..##.#
#.#.............#
................###


You could see a gnoll.

Vanquished Creatures
  3 gnolls (D:2)
  3 leopard geckos (D:1)
  A giant cockroach (D:1)
  3 goblins
  3 hobgoblins
  A ball python (D:1)
  8 bats
  2 frilled lizards (D:2)
  3 kobolds (D:1)
  3 rats (D:1)
30 creatures vanquished.

Notes
Turn   | Place    | Note
-------+----------+-------------------------------------------
     0 | D:1      | tognito the Minotaur Berserker began the quest for the Orb.
     0 | D:1      | Reached XP level 1. HP: 19/19 MP: 0/0
    77 | D:1      | Reached skill level 4 in Axes
   173 | D:1      | Reached XP level 2. HP: 25/26 MP: 1/1
   765 | D:1      | Reached skill level 5 in Axes
   870 | D:2      | Reached ** piety under Trog
   872 | D:2      | Found a bloodstained altar of Trog.
   893 | D:2      | Gained mutation: You are clumsy. (Dex -2) [potion of mutation]
   893 | D:2      | Gained mutation: You evolve. [potion of mutation]
   901 | D:2      | Reached XP level 3. HP: 22/31 MP: 2/2
   935 | D:2      | HP: 1/31 [gnoll/flail (7)]
   937 | D:2      | Mangled by a gnoll

Skill      XL: |  1  2 |
---------------+-------+-----
Axes           | 4 5 |  5.8
Fighting       | |  3.6
Armour         | |  2.4
Dodging        | |  2.1

Action                   || total
-------------------------++-------
Melee: Hand axe          ||    57
       Headbutt          ||     9
Invok: Berserk           ||     1
  Use: Potion            ||     5
 Stab: Sleeping          ||     1
Armor: Animal skin       ||     7
Dodge: Dodged            ||    38
